Map: Eternal Empire LE

Players

GOStephano (Stephano)

  • Race: Zerg Zerg
  • League: Grandmaster
  • Spawn Location: 7:00

MaxPax - Winner!

  • Race: Protoss Protoss
  • League: Grandmaster
  • Spawn Location: 1:00

Event: DreamHack SC2 Masters 2020 Fall

VOD

Have the link to the VOD?

Description

Time

  • Played on: Aug. 26, 2020, 12:54 p.m.
  • Length: 14:09

All games in this series

Show
View Real Time Build Order
Export as new Build Order

GOStephano Zerg 

Build Orders: Hatch First 

Get SALT Encoding   

  12  0:00  Drone  
  13  0:12  Overlord  
  13  0:17  Drone  
  14  0:30  Drone x2  
  16  0:48  Hatchery  
  15  0:51  Drone  
  15  0:55  Drone  
  17  0:58  Drone  
  18  1:08  Extractor  
  17  1:13  Spawning Pool  
  17  1:16  Drone  
  17  1:20  Drone  
  18  1:28  Drone  
  19  1:40  Drone  
  20  1:51  Drone  
  21  1:59  Queen x2  
  21  2:01  Zergling x2  
  26  2:02  Overlord  
  26  2:10  Drone  
  26  2:11  Drone  
  28  2:17  Metabolic Boost  
  29  2:30  Drone  
  29  2:31  Hatchery  
  29  2:32  Drone  
  29  2:35  Drone  
  30  2:42  Queen  
  32  2:46  Overlord  
  32  2:49  Drone  
  33  2:52  Drone  
  33  2:54  Drone  
  33  2:57  Drone  
  36  3:05  Overlord  
  36  3:10  Drone  
  36  3:11  Drone x2  
  36  3:12  Drone, Evolution Chamber  
  39  3:14  Drone  
  39  3:17  Drone  
  41  3:22  Drone  
  41  3:24  Queen  
  41  3:26  Zergling x2  
  45  3:28  Zergling x2  
  46  3:39  Spore Crawler  
  46  3:40  Drone  
  46  3:41  Zerg Melee Weapons Level 1  
  46  3:42  Zergling x6  
  46  3:46  Drone  
  46  3:48  Drone x3  
  51  3:51  Drone  
  51  3:53  Spore Crawler  
  53  4:01  Spore Crawler  
  52  4:03  Drone x2  
  54  4:12  Zergling x2  
  54  4:13  Zergling x6  
  54  4:15  Overlord x3  
  57  4:24  Overlord  
  57  4:25  Overlord  
  57  4:27  Zergling x2  
  57  4:28  Overlord  
  57  4:31  Lair  
  57  4:36  Drone  
  57  4:37  Drone x3  
  61  4:39  Zergling x4  
  61  4:40  Zergling x2  
  64  4:48  Drone x2  
  64  4:50  Drone x3, Extractor x2  
  64  4:52  Drone  
  69  5:07  Drone x3  
  69  5:11  Baneling Nest  
  68  5:14  Drone  
  68  5:15  Drone  
  68  5:17  Queen  
  68  5:19  Drone x3  
  75  5:23  Drone x3  
  75  5:27  Queen  
  79  5:28  Hatchery  
  79  5:32  Zergling x12  
  84  5:35  Queen  
  86  5:43  Spore Crawler  
  86  5:44  Drone, Spore Crawler  
  86  5:45  Drone x3  
  86  5:47  Zergling x4  
  90  5:50  Zerg Melee Weapons Level 2  
  90  5:56  Drone x5  
  95  5:58  Extractor  
  95  6:02  Infestation Pit, Baneling x5  
  93  6:07  Drone  
  93  6:10  Centrifical Hooks  
  93  6:15  Drone x3  
  96  6:21  Drone  
  97  6:29  Drone x3  
  96  6:33  Drone x2  
  96  6:37  Extractor  
  96  6:39  Hive, Extractor  
  92  6:41  Pneumatized Carapace  
  92  6:42  Zergling x18  
  92  6:43  Zergling x2, Spore Crawler  
  92  6:46  Spore Crawler  
  100  6:51  Baneling  
  100  6:52  Baneling x4, Spore Crawler  
  99  6:58  Spore Crawler  
  99  7:01  Drone x3  
  101  7:05  Drone x2  
  103  7:13  Spore Crawler  
  103  7:14  Zergling x2  
  103  7:15  Zergling x14  
  100  7:21  Zergling x8  
  100  7:22  Queen  
  94  7:24  Queen  
  91  7:30  Spore Crawler  
  91  7:31  Drone x2  
  91  7:32  Drone x2  
  91  7:33  Drone x3  
  97  7:37  Baneling x14  
  97  7:38  Baneling  
  97  7:39  Drone  
  97  7:43  Spore Crawler  
  97  7:50  Drone  
  92  7:58  Drone x11, Queen  
  104  8:04  Spire  
  94  8:17  Zergling x18  
  99  8:23  Zergling x4  
  100  8:29  Unknown  
  100  8:30  Zergling x2  
  100  8:31  Zergling x6  
  100  8:38  Spire, Hatchery  
  98  8:42  Zergling x2  
  98  8:43  Zergling x8  
  102  8:48  Queen  
  102  8:50  Queen  
  102  8:55  Overlord x4  
  104  8:56  Overlord  
  104  8:59  Baneling x5  
  104  9:01  Baneling x4  
  100  9:27  Drone  
  100  9:28  Drone  
  89  9:38  Zergling x14  
  89  9:39  Zergling x24  
  104  9:48  Corruptor x2  
  104  9:52  Corruptor x4  
  116  9:59  Corruptor x4  
  116  10:06  Overlord x3  
  118  10:19  Overlord x2  
  118  10:20  Overlord x2  
  108  10:29  Corruptor x3  
  106  10:38  Corruptor x3  
  106  10:43  Corruptor  
  106  10:48  Overlord  
  103  10:55  Overlord x3  
  100  11:06  Spire  
  99  11:12  Overlord  
  97  11:22  Spore Crawler x2  
  97  11:23  Spore Crawler  
  97  11:24  Spore Crawler  
  93  11:26  Spore Crawler  
  89  11:33  Drone  
  89  11:34  Drone x6, Spore Crawler  
  89  11:36  Queen  
  89  11:37  Queen x2  
  92  12:10  Zergling x16  
  96  12:18  Corruptor x7  
  108  12:29  Extractor  
  107  12:31  Extractor  
  106  12:38  Corruptor  
  102  12:47  Corruptor  
  102  12:49  Drone x10  
  108  12:52  Spore Crawler  
  108  12:54  Spore Crawler x2  
  108  12:55  Spore Crawler  
  104  13:00  Overlord x3  
  97  13:18  Spore Crawler  
  97  13:19  Spore Crawler x3  
  80  13:20  Overlord x5, Spore Crawler x3  
  80  13:21  Spore Crawler  
  69  13:28  Extractor, Corruptor x3  
  73  13:36  Spore Crawler x2  
  73  13:38  Spore Crawler x2  
  56  13:58  Hatchery  
Show
View Real Time Build Order
Export as new Build Order

MaxPax Protoss - Winner!

Build Orders: 1 Gate Expand, Oracle Opening, Mass Phoenix 

Get SALT Encoding   

  12  0:00  Probe  
  13  0:12  Probe  
  14  0:19  Pylon  
  14  0:24  Probe  
  15  0:37  Probe (Chrono Boost)  
  15  0:42  Gateway  
  16  0:47  Assimilator, Probe (Chrono Boost)  
  17  0:52  Probe (Chrono Boost)  
  18  1:04  Probe  
  19  1:16  Probe  
  20  1:24  Nexus  
  20  1:34  Cybernetics Core  
  20  1:36  Probe  
  21  1:44  Assimilator  
  21  1:48  Probe  
  21  1:52  Pylon  
  22  2:01  Probe (Chrono Boost)  
  23  2:10  Adept  
  23  2:12  Warp Gate  
  23  2:13  Probe (Chrono Boost)  
  26  2:20  Probe (Chrono Boost)  
  27  2:26  Stargate  
  27  2:27  Probe (Chrono Boost)  
  28  2:36  Probe (Chrono Boost)  
  29  2:40  Probe (Chrono Boost)  
  29  2:41  Adept  
  32  2:46  Probe (Chrono Boost)  
  32  2:47  Probe (Chrono Boost)  
  32  2:51  Probe (Chrono Boost)  
  34  2:53  Probe  
  36  3:03  Probe  
  37  3:05  Probe  
  37  3:06  Oracle (Chrono Boost)  
  41  3:15  Probe  
  41  3:16  Pylon  
  41  3:17  Probe  
  43  3:27  Probe  
  43  3:30  Probe  
  43  3:33  Nexus  
  45  3:37  Oracle (Chrono Boost)  
  45  3:40  Probe  
  49  3:45  Probe  
  49  3:47  Pylon  
  50  3:49  Assimilator  
  50  3:52  Probe  
  50  3:55  Assimilator  
  51  3:57  Probe  
  52  4:04  Probe  
  52  4:09  Adept, Probe  
  56  4:14  Phoenix (Chrono Boost)  
  56  4:15  Gateway  
  56  4:16  Probe  
  59  4:21  Probe  
  60  4:28  Probe  
  59  4:33  Probe  
  59  4:36  Stargate  
  60  4:39  Stargate  
  60  4:40  Probe  
  60  4:41  Pylon  
  60  4:45  Shield Battery, Probe  
  62  4:47  Probe  
  62  4:51  Phoenix (Chrono Boost)  
  65  4:53  Probe  
  65  4:57  Probe  
  65  4:59  Adept, Probe  
  70  5:04  Pylon  
  68  5:08  Protoss Air Weapons Level 1  
  68  5:09  Shield Battery, Adept, Probe  
  68  5:10  Phoenix (Chrono Boost)  
  68  5:13  Probe  
  74  5:17  Probe  
  74  5:19  Zealot  
  74  5:21  Pylon, Probe  
  78  5:23  Phoenix (Chrono Boost)  
  78  5:28  Phoenix (Chrono Boost)  
  82  5:29  Probe  
  82  5:35  Assimilator, Probe  
  84  5:36  Assimilator  
  84  5:40  Probe  
  84  5:42  Probe  
  88  5:43  Pylon  
  88  5:44  Phoenix (Chrono Boost)  
  88  5:45  Phoenix (Chrono Boost)  
  88  5:47  Probe  
  91  5:53  Phoenix (Chrono Boost), Pylon  
  93  6:01  Probe x2  
  93  6:02  Probe  
  96  6:07  Zealot  
  96  6:08  Zealot  
  96  6:10  Shield Battery  
  100  6:12  Phoenix (Chrono Boost)  
  100  6:13  Probe x2  
  100  6:15  Phoenix  
  106  6:19  Phoenix  
  107  6:37  Zealot, Pylon  
  109  6:46  Pylon  
  109  6:48  Pylon  
  109  6:54  Forge  
  109  6:55  Phoenix x2, Fleet Beacon, Probe  
  109  6:56  Probe  
  109  6:58  Probe  
  116  7:05  Phoenix  
  116  7:07  Pylon  
  116  7:08  Probe x2  
  119  7:15  Zealot  
  119  7:16  Zealot  
  119  7:17  Probe  
  119  7:22  Probe  
  115  7:27  Probe  
  116  7:34  Twilight Council  
  116  7:37  Gateway  
  116  7:39  Pylon, Carrier (Chrono Boost)  
  116  7:41  Gateway  
  116  7:43  Forge  
  128  7:53  Carrier (Chrono Boost)  
  128  7:58  Zealot, Sentry  
  136  7:59  Carrier (Chrono Boost)  
  135  8:08  Pylon  
  107  8:18  Probe x2  
  102  8:20  Probe  
  102  8:21  Zealot x2  
  104  8:30  Probe x2  
  104  8:32  Probe  
  104  8:33  Photon Cannon  
  105  8:35  Zealot, Photon Cannon  
  105  8:37  Charge  
  105  8:39  Forge, Photon Cannon  
  107  8:44  Zealot  
  107  8:46  Zealot, Probe  
  107  8:48  Probe  
  109  8:49  Probe  
  110  8:59  Probe  
  110  9:00  Probe  
  110  9:02  Probe  
  113  9:03  Sentry  
  113  9:04  Sentry  
  117  9:10  Phoenix  
  117  9:11  Probe  
  117  9:12  Probe  
  117  9:15  Phoenix  
  123  9:20  Phoenix  
  125  9:29  Zealot, Sentry  
  125  9:30  Zealot x2  
  130  9:37  Phoenix  
  119  9:45  Anion Pulse-Crystals (Chrono Boost)  
  117  10:01  Zealot, Sentry  
  117  10:02  Zealot, Sentry  
  125  10:07  Protoss Air Weapons Level 2  
  115  10:32  Zealot x2  
  114  10:46  Pylon x4  
  114  10:47  Pylon  
  110  10:53  Nexus  
  108  11:12  Phoenix  
  108  11:13  Phoenix  
  108  11:15  Phoenix  
  114  11:23  Probe x2  
  116  11:27  Zealot  
  114  11:34  Pylon  
  114  11:37  Probe  
  114  11:38  Probe  
  116  11:49  Probe  
  116  11:50  Probe  
  116  11:53  Phoenix  
  118  12:05  Templar Archives  
  118  12:06  Probe  
  118  12:07  Probe  
  120  12:14  Phoenix  
  120  12:19  Probe x2  
  122  12:25  Assimilator  
  122  12:31  Probe x2  
  122  12:32  Phoenix  
  122  12:33  Probe  
  127  12:40  Phoenix  
  127  12:43  Probe x2  
  131  12:48  Zealot  
  131  13:15  Zealot x4  
  131  13:33  Gateway  
  131  13:36  Gateway  
  131  13:42  Gateway  
  131  13:46  Gateway  
  131  13:47  Zealot x3  
  131  13:48  Zealot, Gateway  
  139  13:49  Nexus  

Tags
 
Add a new tag
Caveats
  • Supply blocks, unpowered buildings, or Contaminate may cause inaccurate times.
  • Supply counts are checked every 10 seconds.